 Dungeon Crawl Stone Soup version 0.19-a0-726-g4af737f (webtiles) character file.

26691 shmeve the Fighter (level 13, 0/124 HPs)
             Began as a Minotaur Berserker on June 22, 2016.
             Was a High Priest of Trog.
             Slain by a blink frog (5 damage)
             ... on level 6 of the Lair of Beasts.
             The game lasted 00:35:19 (14472 turns).

shmeve the Fighter (Minotaur Berserker)            Turns: 14472, Time: 00:35:19

Health: 0/124      AC: 19    Str: 26    XL:     13   Next: 0%
Magic:  4/4        EV: 11    Int:  4    God:    Trog [*****.]
Gold:   984        SH:  0    Dex: 11    Spells: 0 memorised, 12 levels left

rFire  . . .     SeeInvis .     X - +2 executioner's axe (antimagic)
rCold  . . .     Gourm    .     h - +0 plate armour
rNeg   . . .     Faith    .     (shield currently unavailable)
rPois  +         Spirit   .     (helmet restricted)
rElec  .         Dismiss  .     r - +0 cloak
rCorr  .         Reflect  .     q - +0 pair of gloves
SustAt +         Harm     .     m - +0 pair of boots
MR     ++...                    (no amulet)
Stlth  ..........               O - ring of poison resistance
                                Y - ring of sustain attributes

@: lethally poisoned (0 -> -1), regenerating, very resistant to hostile
enchantments, extremely unstealthy
A: retaliatory headbutt, horns 2
a: Berserk, Trog's Hand, Brothers in Arms, Burn Spellbooks, Renounce Religion


You were on level 6 of the Lair of Beasts.
You worshipped Trog.
Trog was extremely pleased with you.
You were not hungry.

You visited 2 branches of the dungeon, and saw 14 of its levels.
You also visited: Ossuary.

You collected 984 gold pieces.

Inventory:

Hand Weapons
 R - a +3 shortbow of velocity
 X - a +2 antimagic executioner's axe (weapon)
Missiles
 l - 190 arrows
Armour
 h - a +0 plate armour (worn)
 m - a +0 pair of boots (worn)
 q - a +0 pair of gloves (worn)
 r - a +0 cloak (worn)
Jewellery
 O - a ring of poison resistance (right hand)
 Y - a ring of sustain attributes (left hand)
Scrolls
 b - 2 scrolls of immolation {unknown}
 e - 12 scrolls of identify
 p - 3 scrolls of magic mapping {unknown}
 u - 10 scrolls of teleportation
 v - 4 scrolls of enchant weapon
 B - 10 scrolls of remove curse
 E - a scroll of noise {unknown}
 F - 3 scrolls of enchant armour {unknown}
 G - 3 scrolls of fear {unknown}
 H - 2 scrolls of blinking {unknown}
 I - a scroll of acquirement {unknown}
 L - 2 scrolls of recharging {unknown}
 M - 2 scrolls of amnesia {unknown}
Potions
 a - 3 potions of cure mutation {unknown}
 d - 2 potions of cancellation {unknown}
 g - 10 potions of curing
 i - 2 potions of magic {unknown}
 j - 2 potions of berserk rage {unknown}
 k - a potion of invisibility {unknown}
 o - 2 potions of might {unknown}
 x - 3 potions of degeneration {unknown}
 z - 4 potions of haste {unknown}
 A - 2 potions of lignification {unknown}
 C - 2 potions of heal wounds {unknown}
 D - 2 potions of flight {unknown}
 P - a potion of mutation {unknown}
 S - 4 potions of agility {unknown}
Comestibles
 c - 9 bread rations
 f - 2 beef jerkies
 n - 5 meat rations
 s - 8 chunks of flesh
 t - a royal jelly
 N - a slice of pizza


   Skills:
 * Level 14.0 Fighting
 * Level 14.0 Axes
 + Level 9.7 Bows
 + Level 10.3 Armour
 + Level 9.3 Dodging


You had 12 spell levels left.
You didn't know any spells.

Dungeon Overview and Level Annotations

Branches:
Dungeon (8/15)             Temple (0/1) D:7            Lair (6/6) D:8
 Shoals (0/4) Lair:2        Snake (0/4) Lair:2        Slime (0/5) Lair:6

Altars:
Gozag
Makhleb
Nemelex Xobeh
Okawaru
Qazlal
Ru
Vehumet
Yredelemnul
Zin
The Shining One
Jiyva

Annotations:
Lair:5 exclusion: oklob plant


Innate Abilities, Weirdness & Mutations

You reflexively headbutt those who attack you in melee.
You have a pair of horns on your head.


Message History

You have reached level 13!
The blink frog hits you but does no damage.
The blink frog hits you!
* * * LOW HITPOINT WARNING * * *
The blink frog blinks!
The blink frog blinks!
Unknown command.
Found a viscous altar of Jiyva.
Found a staircase to the Slime Pits.
You barely miss the black mamba. Your headbutt misses the black mamba.
The black mamba bites you!
* * * LOW HITPOINT WARNING * * *
The black mamba bites you but does no damage.
The black mamba bites you.
* * * LOW HITPOINT WARNING * * *
You are poisoned.
The black mamba poisons you!
You closely miss the black mamba. You completely miss the blink frog.
You feel very sick. The black mamba misses you. The blink frog hits you.
You die...

##....####..##
#....# #....#
#...#.###..##
#....#####...#
#..... ##....#
...... #.#(†##
##P#...##.(F.##
###.....(SF..#
..(F(##@.##
.........#
..(........
.........P##
.........##
.P#.P..... .
##P.....
P...>_..


You could see a black mamba and 2 blink frogs.

Vanquished Creatures
  Snorg (Lair:6)
  6 hydras
  An anaconda (Lair:2)
  3 death yaks (Lair:6)
  Urug (Lair:3)
  Pikel (D:8)
  The ghost of grandjackal the Schismatic, a novice DsAK of Lugonu (D:5)
  A griffon (Lair:5)
  Joseph (D:8)
  5 black mambas
  6 spiny frogs
  2 torpor snails (Lair:5)
  2 komodo dragons
  A rime drake (Lair:4)
  A two-headed ogre (D:8)
  7 blink frogs
  A redback (Lair:6)
  15 yaks
  5 hippogriffs
  Eustachio (D:5)
  3 wargs (D:8)
  Menkaure (D:5)
  11 porcupines
  7 water moccasins
  A sky beast (D:8)
  3 ice beasts
  An orc warrior (D:6)
  An eye of draining (D:8)
  A phantom (D:7)
  2 slaves (D:8)
  A black bear (D:8)
  A necrophage (D:8)
  2 wasps
  An ogre (D:7)
  A centaur (D:3)
  8 crocodiles
  17 wolves
  11 giant frogs
  2 crimson imps
  A giant frog zombie (D:7)
  6 orc priests
  A centaur zombie (D:7)
  2 giant frog skeletons (D:6)
  3 jellies
  6 hounds
  9 orc wizards
  Crazy Yiuf (D:2)
  A centaur skeleton (D:5)
  4 iguanas
  3 worker ants
  2 hound skeletons
  3 mummies (Ossuary)
  11 gnolls
  8 adders
  31 river rats
  A shadow imp (D:8)
  3 oozes
  6 adder zombies (Ossuary)
  2 adder skeletons
  A worm (D:2)
  5 dart slugs
  2 giant geckos
  23 orcs
  2 ball pythons
  9 giant cockroaches
  6 goblins
  4 hobgoblins
  14 jackals
  5 kobolds
  5 quokkas
  A ball python skeleton (D:6)
  6 bats
  A giant newt (D:1)
  4 goblin zombies
  4 hobgoblin zombies (Ossuary)
  A kobold zombie (Ossuary)
  A quokka zombie (Ossuary)
  6 rats
  4 rat zombies
  2 fungi (Lair:2)
  4 plants
351 creatures vanquished.

Vanquished Creatures (others)
  2 porcupines (Lair:5)
  A giant frog (Lair:5)
  A scorpion (D:8)
  A centaur zombie (D:8)
  An orc wizard (D:8)
  An adder (D:8)
  An orc (D:8)
  A quokka zombie (D:8)
  19 fungi
  40 plants
68 creatures vanquished.

Grand Total: 419 creatures vanquished

Notes
Turn   | Place    | Note
--------------------------------------------------------------
     0 | D:1      | shmeve the Minotaur Berserker began the quest for the Orb.
     0 | D:1      | Reached XP level 1. HP: 19/19 MP: 0/0
   239 | D:1      | Reached XP level 2. HP: 27/27 MP: 1/1
   625 | D:1      | Reached XP level 3. HP: 30/33 MP: 2/2
   695 | D:1      | Reached ** piety under Trog
   849 | D:2      | Reached XP level 4. HP: 41/41 MP: 3/3
   958 | D:2      | Found a glowing silver altar of Zin.
  1671 | D:2      | Noticed Crazy Yiuf
  1679 | D:2      | Killed Crazy Yiuf
  1679 | D:2      | Reached skill level 5 in Axes
  1679 | D:2      | Reached XP level 5. HP: 47/47 MP: 4/4
  1890 | D:3      | Noticed a centaur
  1899 | D:3      | Killed a centaur
  1899 | D:3      | Reached skill level 5 in Fighting
  1905 | D:3      | Reached XP level 6. HP: 56/56 MP: 5/5
  2014 | D:3      | Found an iron altar of Okawaru.
  2033 | D:3      | Reached *** piety under Trog
  2121 | D:3      | Reached skill level 1 in Bows
  2803 | D:4      | Found a sparkling altar of Nemelex Xobeh.
  2846 | D:4      | Reached **** piety under Trog
  2875 | D:4      | Found a sand-covered staircase.
  2892 | Ossuary  | Entered an ossuary
  2898 | Ossuary  | Reached XP level 7. HP: 43/61 MP: 6/6
  3592 | D:4      | Found a sacrificial altar of Ru.
  3599 | D:5      | Entered Level 5 of the Dungeon
  3611 | D:5      | Noticed grandjackal's ghost (novice DsAK)
  3622 | D:5      | Killed grandjackal's ghost
  3622 | D:5      | Reached XP level 8. HP: 71/71 MP: 7/7
  3749 | D:5      | Noticed Menkaure
  3755 | D:5      | Killed Menkaure
  3755 | D:5      | Reached skill level 5 in Armour
  3787 | D:5      | Reached skill level 5 in Bows
  4054 | D:5      | Noticed Eustachio
  4079 | D:5      | Killed Eustachio
  4556 | D:5      | Found a stormy altar of Qazlal.
  4690 | D:6      | Found a glowing golden altar of the Shining One.
  5187 | D:6      | Reached skill level 5 in Dodging
  5379 | D:6      | Found an opulent altar of Gozag.
  5380 | D:6      | Found a radiant altar of Vehumet.
  5385 | D:6      | Found a burning altar of Makhleb.
  5385 | D:6      | Found a sacrificial altar of Ru.
  5561 | D:7      | Reached XP level 9. HP: 81/81 MP: 8/8
  5913 | D:7      | Found a staircase to the Ecumenical Temple.
  6338 | D:8      | Reached ***** piety under Trog
  6450 | D:8      | Noticed Pikel
  6466 | D:8      | Killed Pikel
  6539 | D:8      | Reached XP level 10. HP: 55/91 MP: 9/9
  6546 | D:8      | Found a staircase to the Lair.
  6710 | D:8      | Reached skill level 10 in Axes
  6729 | D:8      | Reached skill level 10 in Fighting
  7056 | D:8      | Noticed Joseph
  7064 | D:8      | Killed Joseph
  7311 | D:8      | Found a basalt altar of Yredelemnul.
  7427 | Lair:1   | Entered Level 1 of the Lair of Beasts
  7617 | Lair:1   | Received a gift from Trog
  7678 | Lair:1   | Noticed a spiny frog
  7695 | Lair:1   | Killed a spiny frog
  8175 | Lair:2   | Found a staircase to the Shoals.
  8375 | Lair:2   | Noticed a seven-headed hydra
  8383 | Lair:2   | Killed a seven-headed hydra
  8383 | Lair:2   | Reached XP level 11. HP: 85/102 MP: 10/10
  8918 | Lair:2   | Noticed an anaconda
  8925 | Lair:2   | Killed an anaconda
  9292 | Lair:2   | Found a staircase to the Snake Pit.
  9614 | Lair:3   | Noticed Urug
  9631 | Lair:3   | Killed Urug
  9910 | Lair:3   | Received a gift from Trog
 10131 | Lair:3   | Noticed a seven-headed hydra
 10141 | Lair:3   | Killed a seven-headed hydra
 11776 | Lair:4   | Reached XP level 12. HP: 113/113 MP: 3/11
 11997 | Lair:5   | Noticed a five-headed hydra
 12012 | Lair:5   | Killed a five-headed hydra
 13441 | Lair:5   | Noticed a six-headed hydra
 13457 | Lair:5   | Killed a six-headed hydra
 13778 | Lair:5   | Noticed an eight-headed hydra
 13791 | Lair:5   | Killed an eight-headed hydra
 13983 | Lair:6   | Entered Level 6 of the Lair of Beasts
 13987 | Lair:6   | Noticed a death yak
 13988 | Lair:6   | Noticed a death yak
 13997 | Lair:6   | Noticed a death yak
 13999 | Lair:6   | Killed a death yak
 14007 | Lair:6   | Killed a death yak
 14007 | Lair:6   | Reached skill level 10 in Armour
 14007 | Lair:6   | Received a gift from Trog
 14008 | Lair:6   | Killed a death yak
 14259 | Lair:6   | Noticed Snorg
 14273 | Lair:6   | Killed Snorg
 14395 | Lair:6   | Noticed a four-headed hydra
 14407 | Lair:6   | Killed a six-headed hydra
 14468 | Lair:6   | Reached XP level 13. HP: 19/124 MP: 4/12
 14470 | Lair:6   | Found a staircase to the Slime Pits.
 14470 | Lair:6   | Found a viscous altar of Jiyva.
 14471 | Lair:6   | HP: 6/124 [black mamba (2)]
 14472 | Lair:6   | Slain by a blink frog

Vault maps used:
D:1:      dpeg_arrival_lava_temple_mockup
D:2:      zin_academy, uniq_crazy_yiuf_cottage
D:3:      lemuel_round_altar
D:4:      nemelex_xobeh_ov_fountains_minmay, enter_ossuary_4,
          nicolae_ru_path_of_blood
D:5:      nicolae_qazlal_eye_of_the_storm, first_bread, kennysheep_potato,
          uniq_eustachio, uniq_menkaure
D:6:      lemuel_crystal_altar, minitemple, corexii_item_surrounded_by_moat
D:8:      kennysheep_mini, erik_lair_orcish_takeover, uniq_joseph, uniq_pikel
Lair:2:   elwin_shoals_entry_rocks, dummy_snake_entry, lemuel_fruit_tree,
          grunt_megastairs_4
Lair:3:   mumra_transporter_accident, st_stairs_7, uniq_urug
Lair:5:   minmay_lair_oklob_tunnel, lemuel_old_faithful
Lair:6:   hangedman_lair_tendril_chambers, slime_altar_1, uniq_snorg
Ossuary:  ossuary_minmay_chase

Skill      XL: |  1  2  3  4  5  6  7  8  9 10 11 12 |
---------------+-------------------------------------+-----
Axes           | 4 5 6 8 9 11 12 14 | 14.0
Fighting       | 4 5 6 7 9 11 12 14 | 14.0
Armour         | 3 4 5 6 7 9 10 | 10.3
Dodging        | 3 4 5 6 7 8 9 |  9.3
Bows           | 4 5 6 7 8 9 |  9.7

Action                   |  1- 3 |  4- 6 |  7- 9 | 10-12 | 13-15 || total
-------------------------+-------+-------+-------+-------+-------++-------
Melee: Hand axe          |    61 |   144 |    49 |       |       ||   254
       Headbutt          |     7 |    25 |    44 |    76 |       ||   152
       War axe           |       |       |   164 |   206 |       ||   370
       Executioner's axe |       |       |       |   183 |     2 ||   185
 Fire: Shortbow          |       |       |   118 |   244 |       ||   362
Invok: Berserk           |     1 |     2 |     4 |     5 |       ||    12
       Burn Spellbooks   |       |     1 |       |     1 |       ||     2
       Trog's Hand       |       |       |       |     4 |       ||     4
  Use: Scroll            |       |       |     3 |       |       ||     3
  Eat: Chunk             |       |     9 |    16 |    25 |       ||    50
       Fruit             |       |       |       |    10 |       ||    10
Armor: Chain mail        |    17 |       |       |       |       ||    17
       Plate armour      |    21 |    98 |   127 |   343 |     2 ||   591
Dodge: Dodged            |    31 |    91 |   105 |   315 |     1 ||   543
